 Dungeon Crawl Stone Soup version 0.31.0 (webtiles) character file.

Game seed: 12933244469342789778

108 qw the Shooter (level 4, -3/28 HPs)
             Began as a Gargoyle Hunter on Jan 19, 2024.
             Incinerated by a bombardier beetle (4 damage)
             ... with a burning spray
             ... on level 3 of the Dungeon.
             The game lasted 00:00:07 (2143 turns).

qw the Shooter (Gargoyle Hunter)                    Turns: 2143, Time: 00:00:08

Health: -3/28      AC:  8    Str: 14    XL:     4   Next: 87%
Magic:  0/4        EV: 10    Int: 10    God:
Gold:   133        SH:  0    Dex: 15    Spells: 3/3 levels left

rFire   . . .        a - +0 shortbow
rCold   . . .        (shield currently unavailable)
rNeg    + . .        d - +0 ring mail
rPois   inf          (no helmet)
rElec   +            (no cloak)
rCorr   .            (no gloves)
SInv    .            (no boots)
Will    .....        n - amulet of guardian spirit
Stlth   +            (no ring)
HPRegen 0.24/turn    (no ring)
MPRegen 0.09/turn

%: guardian spirit
@: on fire, glowing
A: sickness immunity, AC +3, negative energy resistance 1, electricity
resistance, torment resistance 1, petrification resistance
a: no special abilities


You were on level 3 of the Dungeon.
You visited 1 branch of the dungeon, and saw 4 of its levels.

You collected 133 gold pieces.


Innate Abilities, Weirdness & Mutations

You are immune to sickness and miasma.
Your stone body is resilient. (AC +3)
You are immune to poison.
You resist negative energy. (rN+)
You are resistant to electric shocks. (rElec)
You are resistant to unholy torment.
You are immune to petrification.


   Skills:
 - Level 3.0 Fighting
 + Level 5.5 Ranged Weapons
 - Level 1.0 Armour
 - Level 1.5 Dodging
 - Level 1.1 Stealth


You had 3 spell levels left.
You didn't know any spells.
Your spell library was empty.

Inventory:

Hand Weapons
 a - a +0 shortbow (weapon)
Armour
 d - a +0 ring mail (worn)
Jewellery
 n - an amulet of guardian spirit (around neck)
Potions
 c - 2 potions of mutation
 e - 2 potions of curing
 i - a potion of cancellation
 k - a potion of heal wounds
 l - a potion of invisibility {unknown}

Dungeon Overview and Level Annotations

Branches:
Dungeon (4/15)
 Temple: D:4-7

Altars:
Cheibriados
Uskayaw

Annotations:
D:3 2 transporters


Message History

You shoot an arrow.
The arrow hits the bombardier beetle but does no damage.
The bombardier beetle is heavily wounded.
You shoot an arrow.
The arrow barely misses the bombardier beetle.
The bombardier beetle closely misses you.
You shoot an arrow.
The arrow hits the bombardier beetle but does no damage.
The bombardier beetle is heavily wounded.
The bombardier beetle bites you but does no damage.
You shoot an arrow. The arrow hits the bombardier beetle.
The bombardier beetle is severely wounded.
The bombardier beetle sprays incendiary fluid at you.
The burning spray hits you.
You are covered in liquid fire!
You shoot an arrow. The arrow hits the bombardier beetle.
The bombardier beetle is almost dead.
The liquid fire burns you!
You shoot an arrow.
The arrow barely misses the bombardier beetle.
The liquid fire burns you!
The bombardier beetle sprays incendiary fluid at you.
The burning spray hits you.
You are even more covered in liquid fire!
You shoot an arrow. The arrow hits the bombardier beetle!
You kill the bombardier beetle!
The liquid fire burns you!
2140 ||| STAIRDANCE The liquid fire burns you!
You shake off some of the fire as you move.
You climb upwards.
Level annotation: 2 transporters The liquid fire burns you!
There is a stone staircase leading down here.
2142 ||| FLEEEEING.
You shake off some of the fire as you move.
The liquid fire burns you!
You shake off some of the fire as you move.
The liquid fire burns you!
You die...

.......~~~...## #.#
...###~~~~~..# #.######
.#..#_~~.~~..#############.......
....##~~~~~.###...........%......
##.####~~~.####.........%#.......
........####............#........
#............##..................
#..........##.........##########.
#.......##....#.@.>...#........#.
#.......##......####..#.######.#.
###........####.##....#.#[)..#.#.
##....#### ##..).#..#.#|!#.#.#.
#####)..# ###...####.#.####.#.#.
........####...#..###.#......#.#.
######....#..####...#.########.#.
#.##...### ###............#.
#........## #...##########.


There were no monsters in sight!

Vanquished Creatures
  A bombardier beetle (D:4)
  2 adders
  3 dart slugs
  An orc (D:4)
  5 bats
  3 endoplasms
  2 giant cockroaches
  4 goblins
  2 hobgoblins
  7 kobolds
  4 quokkas
  3 ball pythons
  8 frilled lizards
  5 rats
50 creatures vanquished.

Notes
Turn   | Place    | Note
-------+----------+-------------------------------------------
     0 | D:1      | qw the Gargoyle Hunter began the quest for the Orb.
     0 | D:1      | Reached XP level 1. HP: 12/12 MP: 1/1
     0 | D:1      | 0 ||| qw: Version: 0.3-a-132-g3d54051
     0 | D:1      | 0 ||| qw: Game counter: 282
     0 | D:1      | 0 ||| qw: Melee chars always use a shield: true
     0 | D:1      | 0 ||| qw: God list: Okawaru
     0 | D:1      | 0 ||| qw: Allow faded altars: false
     0 | D:1      | 0 ||| qw: Do Orc after clearing Dungeon:15 true
     0 | D:1      | 0 ||| qw: Do second Lair branch before Depths: true
     0 | D:1      | 0 ||| qw: Lair rune preference: random
     0 | D:1      | 0 ||| qw: Goals: Normal
     0 | D:1      | 0 ||| PLANNING D:1-11
   203 | D:1      | Reached XP level 2. HP: 17/17 MP: 2/2
   621 | D:1      | 621 ||| UPGRADING to +0 ring mail.
   631 | D:1      | 631 ||| DROPPING +0 leather armour.
   632 | D:1      | 632 ||| READING scroll labelled AGULITHR SUUTZ.
   632 | D:1      | 632 ||| IDENTIFYING purple potion
   633 | D:1      | 633 ||| READING scroll labelled BOUSEICIWU.
   637 | D:1      | 637 ||| READING scroll labelled ERUPIPTA PERUY.
   638 | D:1      | 638 ||| READING scroll labelled LAUTZO MOITESE.
   639 | D:1      | 639 ||| READING 2 scrolls labelled QAYLOD LIYJUICH.
   640 | D:1      | 640 ||| DRINKING 2 murky clear potions.
   641 | D:1      | 641 ||| DROPPING scroll of butterflies.
   642 | D:1      | 642 ||| DROPPING scroll of amnesia.
   776 | D:2      | Reached XP level 3. HP: 20/21 MP: 3/3
   778 | D:2      | Reached skill level 1 in Armour
   865 | D:2      | 865 ||| FLEEEEING.
   932 | D:2      | Reached skill level 5 in Ranged Weapons
  1228 | D:2      | You fall into a shaft and drop 1 floor!
  1280 | D:3      | 1280 ||| FLEEEEING.
  1287 | D:3      | 1287 ||| STAIRDANCE
  1623 | D:2      | 1623 ||| READING scroll of identify.
  1623 | D:2      | 1623 ||| IDENTIFYING murky ruby potion
  1669 | D:3      | Reached XP level 4. HP: 27/27 MP: 4/4
  1711 | D:3      | Reached skill level 3 in Fighting
  1743 | D:3      | Found a snail-covered altar of Cheibriados.
  1846 | D:3      | Found a transporter.
  1851 | D:3      | Noticed a steam dragon
  1852 | D:3      | Noticed a scorpion
  1853 | D:3      | Found a transporter.
  1860 | D:3      | Noticed a bullfrog
  1860 | D:3      | Noticed a bullfrog
  1862 | D:3      | Found a hide-covered altar of Uskayaw.
  2069 | D:3      | 2069 ||| UPGRADING to amulet of guardian spirit.
  2074 | D:3      | 2074 ||| READING 4 scrolls of identify.
  2074 | D:3      | 2074 ||| IDENTIFYING lumpy yellow potion
  2075 | D:3      | 2075 ||| READING 3 scrolls of identify.
  2075 | D:3      | 2075 ||| IDENTIFYING puce potion
  2076 | D:3      | 2076 ||| READING 2 scrolls of identify.
  2076 | D:3      | 2076 ||| IDENTIFYING grey potion
  2077 | D:3      | 2077 ||| READING scroll of identify.
  2077 | D:3      | 2077 ||| IDENTIFYING red potion
  2078 | D:3      | 2078 ||| READING scroll labelled VUCEWN MEXECKU.
  2079 | D:3      | 2079 ||| DRINKING 2 glowing blue potions.
  2080 | D:3      | 2080 ||| DROPPING potion of degeneration.
  2081 | D:3      | 2081 ||| DROPPING potion of ambrosia.
  2082 | D:3      | 2082 ||| DROPPING potion of brilliance.
  2083 | D:3      | 2083 ||| DROPPING potion of lignification.
  2140 | D:4      | 2140 ||| STAIRDANCE
  2141 | D:3      | HP: 5/28 [burnt (6)]
  2142 | D:3      | 2142 ||| FLEEEEING.
  2142 | D:3      | HP: 1/28 [burnt (4)]
  2143 | D:3      | Incinerated by a bombardier beetle

Levels and vault maps discovered:
D:1:      minmay_arrival_pointy, layout_basic, nicolae_kite_square_tiling_tiny,
          minmay_lizard_pond
D:2:      layout_loops_corners
D:3:      layout_rooms, kennysheep_slug_shrine, gammafunk_temple_overflow_arena,
          minivault_5
D:4:      layout_cave_pools, uniq_ijyb

Skill      XL: |  1  2  3  4 |
---------------+-------------+-----
Armour         | 1 |  1.0
Ranged Weapons | 5 |  5.5
Fighting       | 3 |  3.0
Dodging        | |  1.5
Stealth        | |  1.1

Action                     |  1- 3 |  4- 6 || total
---------------------------+-------+-------++-------
   Fire: Shortbow          |   101 |    37 ||   138
    Use: Scroll            |     6 |     5 ||    11
         Potion            |     1 |     1 ||     2
 Armour: Leather armour    |    16 |       ||    16
         Ring mail         |    11 |     9 ||    20
  Dodge: Dodged            |    24 |     3 ||    27

Table legend:
 A = Non-vault XP
 B = Vault XP
 C = Vault XP percentage of total XP
 D = Non-vault monster count
 E = Vault monster count
 F = Vault count percentage of total count
                 A         B        C        D         E       F
            +---------+---------+-------+---------+---------+-------
      Total |     144 |      11 |   7.1 |      42 |       8 |  16.0
            +---------+---------+-------+---------+---------+-------
        D:1 |      20 |       7 |  25.9 |      12 |       7 |  36.8
        D:2 |      41 |       0 |   0.0 |      15 |       0 |   0.0
        D:3 |      30 |       4 |  11.8 |      12 |       1 |   7.7
        D:4 |      53 |       0 |   0.0 |       3 |       0 |   0.0
            +---------+---------+-------+---------+---------+-------
